 Dungeon Crawl Stone Soup version 0.22-a0-422-g9628fc8 (webtiles) character file.

39 4thArraOfDagon the Magician (level 3, 0/24 HPs)
             Began as a Mummy Fire Elementalist on May 16, 2018.
             Slain by Sigmund
             ... wielding a cursed -3 scythe
              (7 damage)
             ... on level 3 of the Dungeon.
             The game lasted 00:02:47 (644 turns).

4thArraOfDagon the Magician (MuFE)                   Turns: 644, Time: 00:02:47

Health: 0/24       AC:  4    Str: 11    XL:     3   Next: 26%
Magic:  7/7        EV: 12    Int: 15    God:
Gold:   52         SH:  0    Dex: 12    Spells: 4/8 levels left

rFire    x . .     SeeInvis .   (no weapon)
rCold    + . .     Gourm    .   (no shield)
rNeg     + + +     Faith    .   a - +0 robe
rPois    ∞         Spirit   .   d - +0 helmet
rElec    .         Reflect  .   (no cloak)
rCorr    .         Harm     .   (no gloves)
MR       .....                  f - +0 pair of boots
Stlth    ++........             (no amulet)
HPRegen  0.08/turn              (no ring)
MPRegen  0.10/turn              (no ring)

@: no status effects
A: no food or potions, fire vulnerability, cold resistance 1, negative energy
resistance 3, torment resistance, unbreathing
a: no special abilities


You were on level 3 of the Dungeon.
You were not hungry.

You visited 1 branch of the dungeon, and saw 3 of its levels.

You collected 52 gold pieces.

Inventory:

Armour
 a - a +0 robe (worn)
 d - a +0 helmet (worn)
 f - a +0 pair of boots (worn)
Scrolls
 b - a scroll of enchant weapon {unknown}
 c - 2 scrolls of teleportation {unknown}
 e - 4 scrolls of identify {unknown}
 h - 2 scrolls of fear {unknown}


   Skills:
 - Level 1.5 Dodging
 - Level 1.5 Stealth
 + Level 3.1 Spellcasting
 * Level 1.7 Conjurations
 * Level 3.0 Fire Magic


You had 4 spell levels left.
You knew the following spells:

 Your Spells              Type           Power        Failure   Level  Hunger
a - Flame Tongue          Conj/Fire      #....        8%          1    N/A
b - Conjure Flame         Conj/Fire      #.......     22%         3    N/A

Your spell library contained the following spells:

 Spells                   Type           Power        Failure   Level  Hunger
 Fireball                 Conj/Fire      #.........   91%         5    N/A
 Throw Flame              Conj/Fire      #.....       12%         2    N/A
 Sticky Flame             Conj/Fire      #.......     58%         4    N/A
 Inner Flame              Hex/Fire       #.......     32%         3    N/A

Dungeon Overview and Level Annotations

Branches:
Dungeon (3/15)

Altars:

Annotations:
D:3 Grinder, Sigmund


Innate Abilities, Weirdness & Mutations

You do not eat or drink.
Your flesh is vulnerable to fire.
You are immune to poison.
Your flesh is cold resistant. (rC+)
You are immune to negative energy. (rN+++)
You are immune to unholy pain and torment.
You can survive without breathing.


Message History

Found 23 gold pieces.
Found a stone staircase leading down.
Sigmund the Dreaded comes into view.
He is wielding an enchanted scythe.
Found a long sword and a scroll labeled YSCHIU TOTACVOA.
There is an open door here.
Unknown command.
Unknown command.
Unknown command.
Unknown command.
Sigmund shouts!
The giant cockroach bites you but does no damage.
Unknown command.
Unknown command.
Unknown command.
Okay, then.
Unknown command.
As you read the scroll labeled GUETOSESTE, it crumbles to dust.
The scroll dissolves into smoke.
It was a scroll of fog.
The giant cockroach bites you but does no damage.
Sigmund hits you from afar with an enchanted scythe!
You die...

#############
###...........##
#.......>...........
#...................
#....$..............
#.....$.............
#...§..g...?........
#.§§s@o.o...)...5..
#.§@####'#######+#
#§§§# #.o.o.o.g..###
#...# #..o..g.......
#...# #.#.....#####.
##### #)#.#.....# #.
#.#.....#.# #.
......###.# #.
#...... ..# #.
#########.# #.


You could see Sigmund, 2 orcs, a giant cockroach and a goblin (wandering).

Vanquished Creatures
  An ooze (D:1)
  3 dart slugs (D:1)
  2 orcs (D:3)
  3 bats (D:1)
  4 goblins
  6 hobgoblins (D:1)
  A quokka (D:2)
  A frilled lizard (D:2)
  A kobold (D:1)
  2 rats (D:1)
24 creatures vanquished.

Notes
Turn   | Place    | Note
-------+----------+-------------------------------------------
     0 | D:1      | 4thArraOfDagon the Mummy Fire Elementalist began the quest for the Orb.
     0 | D:1      | Reached XP level 1. HP: 13/13 MP: 4/4
     1 | D:1      | Noticed an electric eel
    22 | D:1      | Reached skill level 1 in Conjurations
   135 | D:1      | Reached XP level 2. HP: 16/19 MP: 0/5
   456 | D:1      | Reached XP level 3. HP: 18/24 MP: 0/7
   461 | D:1      | Learned a level 3 spell: Conjure Flame
   629 | D:3      | Noticed Grinder
   638 | D:3      | Noticed Sigmund
   644 | D:3      | Slain by Sigmund

Vault maps used:
D:1:      arrival_aquarium_a, minmay_ruptured
D:2:      overflow_temple_1_default, chequers_ecumenical_altar_island,
          minmay_cut_off
D:3:      overflow_temple_1_default, uniq_grinder, uniq_sigmund

Skill      XL: |  1  2  3 |
---------------+----------+-----
Conjurations   | 1 |  1.7
Spellcasting   | 3 |  3.1
Fire Magic     | 3 |  3.0
Dodging        | |  1.5
Stealth        | |  1.5

Action                   || total
-------------------------++-------
Melee: Unarmed           ||    19
 Cast: Flame Tongue      ||    44
  Use: Scroll            ||     1
Armor: Robe              ||    14
Dodge: Dodged            ||    32

Table legend:
 A = Spawn XP
 B = Non-spawn XP
 C = Spawn XP percentage of total XP
 D = Spawn monster count
 E = Non-spawn monster count
 F = Spawn count percentage of total count
 G = Total turns spent on level
                    A         B        C        D         E        F      G
               +---------+---------+-------+---------+---------+-------+---------
         Total |       0 |      56 |   0.0 |       0 |      24 |   0.0 |   644
               +---------+---------+-------+---------+---------+-------+---------
           D:1 |       0 |      45 |   0.0 |       0 |      19 |   0.0 |   507
           D:2 |       0 |       3 |   0.0 |       0 |       2 |   0.0 |    78
           D:3 |       0 |       8 |   0.0 |       0 |       3 |   0.0 |    59
               +---------+---------+-------+---------+---------+-------+---------
